Map: Arctic Dream LE

Players

SnukiZ

  • Race: Terran Terran
  • Spawn Location: 6:00

lapinas

  • Race: Protoss Protoss
  • Spawn Location: 5:00

qqq - Winner!

  • Race: Zerg Zerg
  • League: Platinum
  • Spawn Location: 11:00

Massa - Winner!

  • Race: Terran Terran
  • League: Gold
  • Spawn Location: 12:00

VOD

Have the link to the VOD?

Description

Time

  • Played on: May 22, 2020, 1:26 p.m.
  • Length: 5:12
Show
View Real Time Build Order
Export as new Build Order

SnukiZ Terran 

Build Orders: Reaper Expand 

Get SALT Encoding   

  12  0:00  SCV  
  13  0:13  SCV  
  14  0:18  Supply Depot  
  14  0:25  SCV  
  15  0:39  SCV  
  15  0:41  Barracks  
  16  0:49  Refinery  
  16  0:52  SCV  
  17  1:04  SCV  
  18  1:13  Supply Depot  
  18  1:16  SCV  
  19  1:30  Orbital Command  
  19  1:33  Reaper  
  20  1:51  Command Center  
  20  1:55  Refinery  
  20  2:04  Barracks  
  20  2:10  SCV  
  20  2:13  Barracks Reactor  
  22  2:22  SCV  
  22  2:28  Barracks  
  22  2:35  SCV  
  23  2:47  SCV  
  23  2:51  Reaper x2  
  26  2:59  SCV  
  26  3:03  Reaper  
  26  3:05  Orbital Command  
  28  3:11  SCV  
  29  3:17  Reaper, Supply Depot  
  30  3:23  SCV, Supply Depot  
  31  3:27  Reaper x2  
  33  3:35  SCV x2, Reaper  
  36  3:46  Barracks  
  36  3:47  SCV  
  36  3:48  SCV  
  38  3:49  Reaper  
  39  3:59  Reaper, SCV  
  39  4:00  SCV  
  41  4:07  Reaper  
  42  4:10  Reaper  
  42  4:12  SCV x2  
  45  4:21  Reaper  
  46  4:31  Reaper  
  46  4:32  SCV x2  
  49  4:39  Reaper  
Show
View Real Time Build Order
Export as new Build Order

lapinas Protoss 

Build Orders:  

Get SALT Encoding   

  12  0:01  Probe  
  13  0:13  Probe  
  14  0:18  Pylon  
  14  0:25  Probe  
  15  0:37  Probe  
  16  0:44  Gateway  
  16  0:45  Assimilator  
  16  0:51  Probe  
  17  1:03  Probe  
  18  1:15  Probe  
  19  1:27  Probe  
  19  1:30  Pylon  
  20  1:33  Cybernetics Core  
  21  1:40  Probe, Gateway  
  21  1:47  Assimilator  
  20  2:10  Warp Gate (Chrono Boost)  
  20  2:21  Nexus  
  20  2:27  Probe  
  21  2:31  Sentry  
  21  2:32  Sentry  
  25  2:40  Pylon  
  25  2:51  Gateway  
  25  2:59  Adept  
  27  3:07  Adept  
  29  3:30  Gateway  
  29  3:46  Shield Battery  
  29  3:47  Adept  
  29  3:48  Adept x2  
  35  4:01  Pylon  
  32  4:31  Adept x3  
  32  4:32  Adept  
Show
View Real Time Build Order
Export as new Build Order

qqq Zerg - Winner!

Build Orders: Hatch First 

Get SALT Encoding   

  12  0:04  Drone  
  13  0:08  Drone  
  14  0:36  Hatchery  
  13  0:57  Spawning Pool  
  13  0:58  Overlord  
  13  1:02  Drone  
  13  1:06  Drone  
  14  1:14  Extractor, Drone  
  14  1:26  Drone  
  15  1:38  Drone  
  16  1:45  Queen  
  18  1:48  Queen  
  18  1:51  Drone  
  21  1:54  Drone  
  21  2:01  Zergling x2  
  23  2:03  Drone  
  24  2:10  Zergling x2  
  24  2:12  Drone  
  26  2:18  Metabolic Boost  
  26  2:24  Overlord  
  26  2:34  Zergling x2  
  27  2:37  Zergling x2  
  28  2:45  Drone  
  28  2:52  Zergling x2  
  28  2:53  Zergling x6  
  32  2:58  Overlord  
  32  3:02  Drone, Zergling x2  
  32  3:03  Zergling x2  
  32  3:05  Zergling x2  
  36  3:14  Overlord  
  36  3:18  Drone  
  38  3:20  Zergling x4  
  38  3:26  Zergling x2  
  40  3:34  Zergling x4  
  42  3:38  Zergling x2  
  43  3:42  Zergling x2  
  43  3:43  Zergling x4  
  43  3:45  Zergling x4  
  48  3:53  Zergling x2  
  48  3:54  Zergling x2  
  50  3:56  Overlord  
  50  4:05  Zergling x2  
  51  4:30  Zergling x4  
  51  4:31  Zergling x10  
  54  4:32  Zergling x2  
  54  4:48  Zergling x10  
  54  4:49  Zergling x6  
Show
View Real Time Build Order
Export as new Build Order

Massa Terran - Winner!

Build Orders:  

Get SALT Encoding   

  12  0:03  SCV  
  13  0:14  Supply Depot  
  13  0:18  SCV  
  14  0:31  SCV  
  15  0:37  Barracks  
  15  0:47  Supply Depot  
  15  0:53  SCV  
  16  1:06  SCV  
  17  1:18  SCV  
  18  1:28  Barracks  
  18  1:30  SCV  
  18  1:32  Barracks  
  19  1:35  Marine  
  20  1:42  SCV  
  21  1:54  SCV  
  21  1:58  Marine  
  23  2:06  SCV  
  24  2:16  Marine  
  25  2:22  Marine  
  25  2:23  Marine  
  25  2:25  Refinery, Orbital Command  
  25  2:29  Barracks  
  27  2:34  Marine  
  28  2:41  Marine  
  28  2:42  Marine  
  30  2:52  Marine  
  31  3:05  Supply Depot  
  31  3:26  Marine x3  
  34  3:27  Marine  
  34  3:28  Supply Depot  
  35  3:44  Marine x3  
  35  3:45  Marine  
  39  3:52  Supply Depot  
  39  3:53  Factory  
  39  4:02  Marine x4  
  43  4:16  Supply Depot  
  43  4:20  Marine x4  
  47  4:37  Marine x3  
  47  4:38  Marine  
Tags
 
Add a new tag
Caveats
  • Supply blocks, unpowered buildings, or Contaminate may cause inaccurate times.
  • Supply counts are checked every 10 seconds.